[Event "Team 45 45 League T34"]
[Site "Internet Chess Club"]
[Date "2007.07.28"]
[Round "2"]
[White "LoseOften"]
[Black "PiedraBuena"]
[Result "0-1"]
[WhiteElo "1832"]
[BlackElo "1793"]
[Opening "Ruy Lopez: Caro variation"]
[ECO "C70"]
[Time "13:05:21"]
[TimeControl "2700+45"]

1. e4 Nc6 2. Nf3 e5 3. Bb5 a6 4. Ba4 b5 5. Bb3 d6 6. c3 Be6 7. d4 Bxb3 8. Qxb3
exd4 9. cxd4 Nf6 10. O-O Be7 11. Nc3 O-O 12. Be3 b4 13. Ne2 Nxe4 14. Qd5 Nxd4
15. Bxd4 Nf6 16. Qc6 Nd7 17. Rac1 Nc5 18. Rfd1 Qe8 19. Qxe8 Rfxe8 20. Bxc5 dxc5
21. Ng3 Rad8 22. b3 Rxd1+ 23. Rxd1 Bd6 24. Nf5 Re6 25. Ne3 g6 26. Kf1 f5 27. Nc4
Kg7 28. Re1 Rxe1+ 29. Kxe1 h6 30. Ke2 Kf6 31. h3 g5 32. Nxd6 cxd6 33. Kd3 d5 34.
Ne1 h5 35. Kd2 a5 36. Nd3 c4 37. bxc4 dxc4 38. Nc5 Ke5 39. Nb7 a4 40. Nc5 a3 41.
Kc2 h4 42. Na6 b3+ 43. axb3 cxb3+ 44. Kxb3 g4 45. hxg4 fxg4 46. Nb4 h3 47. gxh3
gxh3 48. Nd3+ Ke4 {White resigns} 0-1

[Event "Team 45 45 League T34"]
[Site "Internet Chess Club"]
[Date "2007.07.29"]
[Round "2"]
[White "alexcluster"]
[Black "shijith"]
[Result "0-1"]
[WhiteElo "1799"]
[BlackElo "1785"]
[Opening "French: Tarrasch, closed variation"]
[ECO "C05"]
[Time "09:15:56"]
[TimeControl "2700+45"]

1. e4 e6 2. d4 d5 3. Nd2 Nf6 4. e5 Nfd7 5. f4 c5 6. c3 Nc6 7. Ngf3 cxd4 8. cxd4
Qb6 9. Nb3 Be7 10. Be2 f6 11. Be3 fxe5 12. O-O e4 13. Ng5 Nf6 14. Bh5+ g6 15.
Be2 O-O 16. Bf2 h6 17. Nh3 Bd7 18. Kh1 a5 19. Qd2 Qb4 20. Qe3 a4 21. Nc5 Bxc5
22. dxc5 d4 23. Qg3 Kh7 24. f5 exf5 25. Nf4 g5 26. Nh5 Qxb2 27. Nxf6+ Rxf6 28.
Bh5 f4 29. Bxd4 Qxd4 30. Qe1 Bf5 31. Rd1 Qxc5 32. Rc1 Qa3 33. Qd2 e3 34. Qd5 Ra5
35. Qc4 Bd3 36. Bg6+ Rxg6 37. Qf7+ Rg7 38. Qe8 Re5 39. Qc8 Bxf1 40. Rxf1 e2 41.
Re1 Qc3 42. h3 Qxe1+ 43. Kh2 Qg3+ {White resigns} 0-1

[Event "Team 45 45 League T34"]
[Site "Internet Chess Club"]
[Date "2007.07.31"]
[Round "2"]
[White "chipionero"]
[Black "Stav"]
[Result "0-1"]
[WhiteElo "1679"]
[BlackElo "1641"]
[Opening "Benkö gambit half accepted"]
[ECO "A57"]
[Time "14:52:11"]
[TimeControl "2700+45"]

1. d4 Nf6 2. c4 c5 3. d5 b5 4. cxb5 a6 5. Qc2 d6 6. e4 g6 7. Nf3 Bg7 8. Nc3 O-O
9. Rb1 axb5 10. Bxb5 Bg4 11. Be2 Nbd7 12. h3 Bxf3 13. Bxf3 Ne5 14. Be2 e6 15.
dxe6 fxe6 16. O-O Nc6 17. Be3 Nd4 18. Bxd4 cxd4 19. Nb5 e5 20. Rbc1 Kh8 21. a4
Bh6 22. Rb1 Rc8 23. Qb3 Nxe4 24. Qe3 Bxe3 {White resigns} 0-1